 Dungeon Crawl Stone Soup version 0.27-a0-1140-g099f9bb0e8 (webtiles) character file.

Game seed: 16325382428184261317

1619 MontyOnTheRun the Shield-Bearer (level 8, -3/48 HPs)
             Began as a Gargoyle Fighter on May 9, 2021.
             Slain by Maggie
             ... wielding a +0 vorpal morningstar
              (12 damage)
             ... on level 6 of the Dungeon.
             The game lasted 00:39:47 (5440 turns).

MontyOnTheRun the Shield-Bearer (Gargoyle Fighter)  Turns: 5440, Time: 00:39:48

Health: -3/48      AC: 14    Str: 21    XL:     8   Next: 96%
Magic:  8/8        EV:  9    Int: 10    God:
Gold:   326        SH: 11    Dex:  9    Spells: 7/7 levels left

rFire    . . .     SeeInvis +   j - +1 dagger (venom)
rCold    . . .     Faith    .   c - +1 kite shield
rNeg     + . .     Spirit   .   b - +1 scale mail
rPois    ∞         Reflect  .   (no helmet)
rElec    +         Harm     .   (no cloak)
rCorr    .         Rampage  .   (no gloves)
Will     .....                  (no boots)
Stlth    ..........             (no amulet)
HPRegen  0.16/turn              l - ring of see invisible
MPRegen  0.11/turn              (no ring)

@: mesmerised
A: sickness immunity, AC +5, negative energy resistance 1, electricity
resistance, torment resistance 1, unbreathing 1, petrification resistance
a: no special abilities


You were on level 6 of the Dungeon.
You visited 1 branch of the dungeon, and saw 6 of its levels.

You collected 326 gold pieces.

Inventory:

Hand Weapons
 a - a +0 flail
 j - a +1 dagger of venom (weapon)
 x - a +2 spear of venom
Missiles
 k - 33 arrows
Armour
 b - a +1 scale mail (worn)
 c - a +1 kite shield (worn)
 f - a +0 chain mail
 h - a +0 cloak
Jewellery
 l - a ring of see invisible (left hand)
Wands
 p - a wand of flame (15) (quivered)
 s - a wand of iceblast (9)
 y - a wand of paralysis (14)
Scrolls
 i - 2 scrolls of amnesia {unknown}
 m - a scroll of enchant armour
 o - 7 scrolls of teleportation
 u - a scroll of fear {unknown}
 v - 2 scrolls of enchant weapon
 w - a scroll of silence {unknown}
Potions
 d - 2 potions of resistance {unknown}
 e - a potion of lignification
 g - a potion of magic {unknown}
 n - a potion of attraction
 q - 2 potions of heal wounds
 r - a potion of berserk rage {unknown}
 t - 2 potions of degeneration
 z - a potion of curing
 A - a potion of invisibility {unknown}


   Skills:
 + Level 4.8 Fighting
 + Level 4.4 Short Blades
 + Level 2.3 Maces & Flails
 + Level 6.7 Armour
 + Level 3.0 Dodging
 + Level 1.7 Stealth
 + Level 7.1 Shields
 + Level 0.2 Evocations


You had 7 spell levels left.
You didn't know any spells.
Your spell library contained the following spells:

 Spells                   Type           Power      Damage    Failure   Level
 Beastly Appendage        Tmut           0%         N/A       95%         1
 Wereblood                Tmut           0%         N/A       98%         2
 Confusing Touch          Hex            0%         N/A       100%        3
 Gell's Gravitas          Tloc           0%         N/A       100%        3
 Spider Form              Tmut/Pois      0%         N/A       100%        3
 Ice Form                 Ice/Tmut       0%         N/A       100%        4
 Petrify                  Tmut/Erth      0%         N/A       100%        4
 Bolt of Magma            Conj/Fire/Erth 0%         4d4       100%        5
 Hydra Form               Tmut           0%         N/A       100%        5
 Iskenderun's Battlesphe  Conj           0%         2d6       100%        5
 Metabolic Englaciation   Hex/Ice        0%         N/A       100%        5
 Yara's Violent Unravell  Hex/Tmut       0%         3d3       100%        5
 Iron Shot                Conj/Erth      0%         9d1       100%        6
 Orb of Destruction       Conj           0%         N/A       100%        7
 Spellforged Servitor     Conj/Summ      0%         N/A       100%        7


Dungeon Overview and Level Annotations

Branches:
Dungeon (6/15)
 Temple: D:4-7

Altars:
Sif Muna
Uskayaw

Shops:
D:6 ?

Annotations:
D:6 Maggie


Innate Abilities, Weirdness & Mutations

You are immune to sickness and miasma.
Your stone body is resilient. (AC +5)
You are immune to poison.
You resist negative energy. (rN+)
You are resistant to electric shocks. (rElec)
You are resistant to unholy torment.
You can survive without breathing.
You are immune to petrification.


Message History

Maggie hits you but does no damage. The killer bee zombie hits you.
You closely miss the killer bee zombie.
The killer bee zombie is almost destroyed.
The killer bee zombie misses you. You block Maggie's attack.
The killer bee zombie closely misses you.
You hit the killer bee zombie.
You destroy the killer bee zombie!
Maggie points at you and mumbles some strange words.
The bolt of fire misses you.
Your scale mail prevents you from hitting Maggie.
Maggie is lightly wounded.
Maggie closely misses you.
You hit Maggie but do no damage.
Maggie looks even sicker.
Maggie is lightly wounded.
You block Maggie's attack.
You closely miss Maggie.
Maggie is lightly wounded.
Maggie hits you with a +0 vorpal morningstar.
You hit Maggie.
Maggie looks as sick as possible!
Maggie is lightly wounded.
You block Maggie's attack.
You closely miss Maggie.
Maggie is moderately wounded.
You block Maggie's attack.
You hit Maggie but do no damage.
Maggie looks as sick as possible!
Maggie is moderately wounded.
Maggie hits you with a +0 vorpal morningstar.
You barely miss Maggie.
Maggie is moderately wounded.
You block Maggie's attack.
You barely miss Maggie.
Maggie is moderately wounded.
Maggie hits you with a +0 vorpal morningstar!
* * * LOW HITPOINT WARNING * * *
x2 You cannot move away from Maggie!
You cannot move away from Maggie!
You hit Maggie.
Maggie looks as sick as possible!
Maggie is heavily wounded.
Maggie hits you with a +0 vorpal morningstar!
You die...

##. #..# #
.Z.## .#
...### #...
#... .....
##..##......
#...<.......
#...........
#.@.#.......
##@.........
#!∩........
...........
.)........##
#.......####
....#...#
.......)#


You could see Maggie (mesmerising, extremely poisoned).

Vanquished Creatures
  The ghost of PanSaczeczos the Skirmisher, a novice VSAK of Lugonu (D:5)
  Grinder (D:4)
  Eustachio (D:5)
  Purgy (D:4)
  A sky beast (D:5)
  2 ogres
  A necrophage (D:4)
  3 scorpions
  A howler monkey (D:5)
  An orc priest (D:4)
  A hound (D:5)
  A bullfrog skeleton (D:5)
  An orc wizard (D:4)
  A killer bee zombie (D:6)
  A hound skeleton (D:5)
  3 gnolls (D:5)
  4 adders
  A shadow imp (D:5)
  3 dart slugs
  9 orcs
  7 ball pythons
  8 endoplasms
  4 giant cockroaches
  5 goblins
  9 hobgoblins
  6 jackals
  A quokka (D:1)
  11 bats
  3 frilled lizards
  5 kobolds
  6 rats
103 creatures vanquished.

Notes
Turn   | Place    | Note
-------+----------+-------------------------------------------
     0 | D:1      | MontyOnTheRun the Gargoyle Fighter began the quest for the
                  | Orb.
     0 | D:1      | Reached XP level 1. HP: 14/14 MP: 1/1
   334 | D:1      | Reached XP level 2. HP: 18/19 MP: 2/2
   383 | D:1      | Found a faded altar of an unknown god.
   497 | D:1      | Reached XP level 3. HP: 10/23 MP: 3/3
  1322 | D:2      | Reached skill level 4 in Shields
  1557 | D:2      | Reached skill level 1 in Stealth
  1568 | D:2      | Reached XP level 4. HP: 28/29 MP: 4/4
  1956 | D:3      | Reached skill level 1 in Dodging
  2633 | D:3      | Found a hide-covered altar of Uskayaw.
  2923 | D:4      | Noticed an ogre
  2932 | D:4      | Killed an ogre
  2933 | D:4      | Reached skill level 1 in Short Blades
  2933 | D:4      | Reached XP level 5. HP: 17/33 MP: 5/5
  2960 | D:4      | Found a shimmering blue altar of Sif Muna.
  2971 | D:4      | Reached XP level 6. HP: 24/38 MP: 6/6
  3343 | D:4      | Noticed Purgy
  3355 | D:4      | Killed Purgy
  3435 | D:4      | Reached skill level 5 in Shields
  3599 | D:4      | Identified the +3 quarterstaff of Fimbulwinter {venom, rF-
                  | rN+ Will+ Str+4}
  3603 | D:4      | Noticed a necrophage
  3628 | D:4      | Killed a necrophage
  3629 | D:4      | Reached XP level 7. HP: 38/43 MP: 7/7
  3634 | D:4      | Noticed Grinder
  3661 | D:4      | Killed Grinder
  3662 | D:4      | Reached skill level 5 in Armour
  4179 | D:5      | Entered Level 5 of the Dungeon
  4350 | D:5      | Noticed Eustachio
  4382 | D:5      | Killed Eustachio
  4383 | D:5      | Reached skill level 6 in Shields
  4383 | D:5      | Reached XP level 8. HP: 41/48 MP: 8/8
  4720 | D:5      | Found a runed translucent door.
  4720 | D:5      | Noticed PanSaczeczos's ghost (novice VSAK)
  5344 | D:5      | Killed PanSaczeczos's ghost
  5345 | D:5      | Reached skill level 7 in Shields
  5411 | D:6      | Found Oclixahi's Magic Scroll Shop.
  5413 | D:6      | Noticed Maggie
  5440 | D:6      | Slain by Maggie

Illustrated notes

Levels and vault maps discovered:
D:1:      dpeg_arrival_connections, layout_basic,
          hellmonk_ecumenical_altar_leap_of_faith
D:2:      layout_basic
D:3:      layout_basic, lemuel_coloured_pillars_altar, grunt_ministairs_2
D:4:      layout_basic, amcnicky_altar_gilded, uniq_grinder, uniq_purgy
D:5:      layout_loops_cross, hellmonk_ghost_happy_afterlife,
          corexii_item_surrounded_by_moat, uniq_eustachio
D:6:      layout_cave_pools, lemuel_doored_altar, serial_shops, shop, shop,
          shop, shop, shop, corexii_leaking_fountain, hangedman_glass_teeth,
          hangedman_decor_push, uniq_maggie

Skill      XL: |  1  2  3  4  5  6  7  8 |
---------------+-------------------------+-----
Shields        | 4 5 6 7 |  7.1
Stealth        | 1 |  1.7
Dodging        | 1 2 3 |  3.0
Short Blades   | 1 2 3 4 |  4.4
Armour         | 4 5 6 |  6.7
Fighting       | 4 |  4.8
Maces & Flails | |  2.3
Evocations     | |  0.2

Action                   |  1- 3 |  4- 6 |  7- 9 || total
-------------------------+-------+-------+-------++-------
Melee: Flail             |    75 |       |       ||    75
       Dagger            |    44 |   168 |   235 ||   447
Evoke: Wand              |       |       |     2 ||     2
  Use: Scroll            |     1 |     7 |     2 ||    10
       Potion            |     1 |       |     1 ||     2
Armor: Scale mail        |    77 |    70 |    84 ||   231
Dodge: Dodged            |    60 |    39 |    42 ||   141
Block: Kite shield       |    67 |    79 |   106 ||   252

Table legend: (Time is in decaauts)
 A = Elapsed time spent in this place.
 B = Non-inter-level travel time spent in this place.
 C = Inter-level travel time spent in this place.
 D = Time resting spent in this place.
 E = Time spent auto-exploring this place.
 F = Levels seen in this place.
 G = Mean time per level.
                   A        B        C        D        E       F      G
               +--------+--------+--------+--------+--------+-----+--------+
         Total |   5511 |   1323 |   4188 |    207 |     14 |   6 |  918.5 |
       Dungeon |   5511 |   1323 |   4188 |    207 |     14 |   6 |  918.5 |
               +--------+--------+--------+--------+--------+-----+--------+

Top non-repeatable levels by time:
     D:4: 1439 daAuts
     D:1: 1298 daAuts
     D:5: 1229 daAuts
     D:3: 865 daAuts
     D:2: 651 daAuts
     D:6: 26 daAuts
